NULL
Full Scoreboard »»

Blue Jackets vs Senators

Created - April 16, 2024 at 22:59

Goals
1 2 3 T
Blue Jackets 0 1 2 3
Senators 0 1 3 4
Shots
1 2 3 T
Blue Jackets 8 15 12 35
Senators 6 12 15 33

GoalsPenalties
1st period
No Goal
Nikita Zadorov (CBJ) for Interference (Minor) at 0:52
Nikita Zadorov (CBJ) for Hooking (Minor) at 17:48
2nd period
1. Blue Jackets , Kevin Labanc 5 (Trevor van Riemsdyk 14) at 4:37 (SH)
2. Senators , Brady Tkachuk 18 (Zach Whitecloud 6, Brad Marchand 32) at 4:45 (PP)
Adrian Kempe (CBJ) for Hooking (Minor) at 1:26
Adrian Kempe (CBJ) for Charging (Minor) at 4:03
Brent Burns (OTT) for Hooking (Minor) at 7:58
Logan Thompson (OTT) for Slashing (Minor) at 10:33 - Brent Burns served the penalty
Brad Marchand (OTT) for Hooking (Minor) at 17:36
Ryan Lomberg (OTT) for Holding (Minor) at 18:11
3rd period
3. Blue Jackets , Adrian Kempe 38 (Ryan Nugent-Hopkins 57) at 0:06 (PP)
4. Senators , Nick Cousins 16 (Brent Burns 34, Ryan Lomberg 15) at 7:19
5. Blue Jackets , Dominik Kubalik 13 (Kevin Labanc 6, Connor Hellebuyck) at 9:12
6. Senators , Paul Stastny 28 (Jakub Voracek 37) at 11:08 (PP)
7. Senators , Brady Tkachuk 19 (Tim Stutzle 36, Brad Marchand 33) at 15:39
Ryan Lomberg (OTT) for Fighting (Major) at 0:57
Adrian Kempe (CBJ) for Fighting (Major) at 0:57
Brent Burns (OTT) for Fighting (Major) at 1:04
Lawson Crouse (CBJ) for Fighting (Major) at 1:04
Adrian Kempe (CBJ) for Slashing (Minor) at 11:05
Jacob Middleton (CBJ) for Hooking (Minor) at 19:10
Goalie Stats
Connor Hellebuyck (CBJ), 29 saves from 33 shots - (0.879), L, 26-16-5, 60:00 minutes
Logan Thompson (OTT), 32 saves from 35 shots - (0.914), W, 23-21-4, 60:00 minutes
3 StarsOfficial
1 - Brady Tkachuk (OTT)
2 - Kevin Labanc (CBJ)
3 - Nick Cousins (OTT)
Referees : Unknown
Linesman : Unknown
Game Note
Ryan Lomberg beats up Adrian Kempe at 0:57 of 3rd period
Brent Burns and Lawson Crouse fight to a draw at 1:04 of 3rd period



Team Name Goals Shots Shots Attemp Shots Blocked PIM HIT PP PK FO%
Blue Jackets 335631122341 / 4 (25%)251%
Senators 433631418252 / 6 (33%)149%

Blue Jackets
Player Name POS G A P +/- PIM HIT SHT SB MP PP MP PP SHT PK MP PK SHT FO% FOT GA TA
Adrian KempeLW/RW10101114117:223:4130:08067% 311
Brandon CarloD000-1001220:460:0004:1800% 001
Dominik KubalikLW1010015010:210:0600:0000% 000
Jacob MiddletonD0002240018:420:0003:1800% 000
JJ MoserD0000000120:224:2802:2400% 001
Kent JohnsonC/LW/RW0000022011:303:3800:00050% 400
Kevin LabancLW/RW1121031012:370:0303:44150% 410
Lawson CrouseLW000-1511113:082:4400:0000% 001
Marcus JohanssonC/RW000-1023112:310:0000:08033% 300
Matthew NietoLW/RW0001015014:030:0003:4400% 110
Max DomiC/LW/RW000-1041114:512:4400:00053% 1700
Nikita ZadorovD0001441119:542:0001:3200% 000
Reilly SmithLW/RW0000023117:432:4400:000100% 101
Ryan Nugent-HopkinsC/LW/RW0110061018:403:4100:00060% 2510
Shea TheodoreD000-2003020:444:2810:0000% 001
Teddy BluegerC0000011013:540:0003:39033% 900
Trevor van RiemsdykD0110001119:502:0003:3000% 000
Yegor SharangovichLW/RW0000022115:230:0303:39033% 301
Senators
Player Name POS G A P +/- PIM HIT SHT SB MP PP MP PP SHT PK MP PK SHT FO% FOT GA TA
Anthony DeAngeloD000-2043022:313:3502:3200% 000
Brad MarchandLW/RW0220247117:263:4420:3500% 000
Brady TkachukLW2020013017:093:4410:35060% 510
Brent BurnsD0111703019:373:3201:1300% 002
Derek ForbortD0000000016:010:0300:4100% 010
Jakub VoracekLW/RW0110002015:253:4710:0000% 100
Jeremy LauzonD0001000015:480:0002:0300% 000
Keegan KolesarRW0001022216:400:0602:2300% 102
Max ComtoisLW/RW000-102017:250:0000:0000% 000
Morgan BarronC/LW000-1010110:230:0002:58025% 400
Nick CousinsC/LW1011022016:520:0602:35138% 2600
Nils HoglanderLW/RW000-100007:250:0000:0000% 000
Paul StastnyC1010004217:103:4120:20071% 1720
Ryan LindgrenD0001002723:173:5613:2900% 000
Ryan LombergLW/RW0111733013:560:0002:050100% 110
Sammy BlaisLW/RW0000010015:153:4100:0000% 000
Tim StutzleC/LW/RW0110041016:343:4400:00047% 1510
Zach WhitecloudD011-1011023:093:5612:5800% 010

Blue Jackets

5 vs 5 Forward
Line #Left WingCenterRight WingPHYDFOFWanted %Time %Time Play
1Adrian KempeRyan Nugent-HopkinsReilly Smith1223333%15:19
2Lawson CrouseMax DomiMarcus Johansson1223127%12:32
3Matthew NietoTeddy BluegerYegor Sharangovich1222022%10:10
4Dominik KubalikKent JohnsonKevin Labanc1221617%7:52
5 vs 5 Defense
Line #DefenseDefensePHYDFOFWanted %Time %Time Play
1Shea TheodoreBrandon Carlo1223535%16:16
2Nikita ZadorovJacob Middleton1223536%16:23
3Trevor van RiemsdykJJ Moser1223029%13:14
4Shea TheodoreBrandon Carlo12200%0:00
Power Play Forward
Line #Left WingCenterRight WingPHYDFOFWanted %Time %Time Play
1Adrian KempeRyan Nugent-HopkinsKent Johnson1226058%3:44
2Lawson CrouseMax DomiReilly Smith1224042%2:44
Power Play Defense
Line #DefenseDefensePHYDFOFWanted %Time %Time Play
1Shea TheodoreJJ Moser1226069%4:28
2Nikita ZadorovTrevor van Riemsdyk1224031%2:00
Penalty Kill 4 Players Forward
Line #CenterWingPHYDFOFWanted %Time %Time Play
1Teddy BluegerYegor Sharangovich1225050%3:46
2Kevin LabancMatthew Nieto1225050%3:45
Penalty Kill 4 Players Defense
Line #DefenseDefensePHYDFOFWanted %Time %Time Play
1Jacob MiddletonBrandon Carlo1225049%3:42
2Nikita ZadorovTrevor van Riemsdyk1225051%3:49
Penalty Kill 3 Players
Line #WingPHYDFOFWanted %Time %Time PlayDefenseDefensePHYDFOFWanted %Time %Time Play
1Ryan Nugent-Hopkins122500%0:00 Shea TheodoreBrandon Carlo122500%0:00
2Adrian Kempe122500%0:00 Nikita ZadorovJacob Middleton122500%0:00
4 vs 4 Forward
Line #CenterWingPHYDFOFWanted %Time %Time Play
1Ryan Nugent-HopkinsAdrian Kempe122500%0:00
2Max DomiLawson Crouse122500%0:00
4 vs 4 Defense
Line #DefensePHYDFOFWanted %Time %Time Play
1Shea TheodoreBrandon Carlo122500%0:00
2Nikita ZadorovJacob Middleton122500%0:00
Last Minutes Offensive
Left WingCenterRight WingDefenseDefense
Adrian KempeRyan Nugent-HopkinsReilly SmithShea TheodoreNikita Zadorov
Last Minutes Defensive
Left WingCenterRight WingDefenseDefense
Lawson CrouseTeddy BluegerRyan Nugent-HopkinsShea TheodoreBrandon Carlo
Time
Total ForwardTotal DefenseLast Minutes OffensiveLast Minutes Defensive
60:00 60:00 0:080:00
Extra Forwards
Normal PowerPlayPenalty Kill
Dominik Kubalik, Yegor Sharangovich, Kevin LabancDominik Kubalik, Yegor SharangovichKevin Labanc
Extra Defensemen
Normal PowerPlayPenalty Kill
Trevor van Riemsdyk, JJ Moser, Nikita ZadorovTrevor van Riemsdyk, JJ MoserNikita Zadorov
Penalty Shots
Ryan Nugent-Hopkins, Adrian Kempe, Reilly Smith, Lawson Crouse, Marcus Johansson
Goalie
Connor Hellebuyck, Collin Delia
Custom OT Lines Forwards
Ryan Nugent-Hopkins, Adrian Kempe, Reilly Smith, Lawson Crouse, Marcus Johansson, Max Domi, Dominik Kubalik, Yegor Sharangovich, Kevin Labanc, Matthew Nieto
Custom OT Lines Defensemen
Shea Theodore, Brandon Carlo, Nikita Zadorov, Jacob Middleton, Trevor van Riemsdyk
Scratches
Garrett Brown (Healthy), Carson Latimer (Healthy), Carl Lindbom (Healthy)

Senators

5 vs 5 Forward
Line #Left WingCenterRight WingPHYDFOFWanted %Time %Time Play
1Brady TkachukTim StutzleBrad Marchand1223029%13:09
2Jakub VoracekPaul StastnySammy Blais1223025%11:39
3Ryan LombergNick CousinsKeegan Kolesar1223030%13:43
4Nils HoglanderMorgan BarronMax Comtois1221016%7:25
5 vs 5 Defense
Line #DefenseDefensePHYDFOFWanted %Time %Time Play
1Brent BurnsRyan Lindgren1223535%16:03
2Anthony DeAngeloZach Whitecloud1223536%16:24
3Derek ForbortJeremy Lauzon1223029%13:29
4Brent BurnsRyan Lindgren12200%0:00
Power Play Forward
Line #Left WingCenterRight WingPHYDFOFWanted %Time %Time Play
1Brady TkachukTim StutzleBrad Marchand1225050%3:44
2Jakub VoracekPaul StastnySammy Blais1225050%3:47
Power Play Defense
Line #DefenseDefensePHYDFOFWanted %Time %Time Play
1Brent BurnsAnthony DeAngelo1225048%3:35
2Ryan LindgrenZach Whitecloud1225052%3:56
Penalty Kill 4 Players Forward
Line #CenterWingPHYDFOFWanted %Time %Time Play
1Nick CousinsKeegan Kolesar1225051%2:35
2Morgan BarronRyan Lomberg1225049%2:29
Penalty Kill 4 Players Defense
Line #DefenseDefensePHYDFOFWanted %Time %Time Play
1Zach WhitecloudRyan Lindgren1225051%2:34
2Anthony DeAngeloBrent Burns1225049%2:30
Penalty Kill 3 Players
Line #WingPHYDFOFWanted %Time %Time PlayDefenseDefensePHYDFOFWanted %Time %Time Play
1Brady Tkachuk1225036%0:30 Brent BurnsRyan Lindgren1225065%0:55
2Brad Marchand1225064%0:54 Anthony DeAngeloZach Whitecloud1225035%0:29
4 vs 4 Forward
Line #CenterWingPHYDFOFWanted %Time %Time Play
1Brady TkachukBrad Marchand122500%0:00
2Paul StastnyTim Stutzle122500%0:00
4 vs 4 Defense
Line #DefensePHYDFOFWanted %Time %Time Play
1Brent BurnsRyan Lindgren122500%0:00
2Anthony DeAngeloZach Whitecloud122500%0:00
Last Minutes Offensive
Left WingCenterRight WingDefenseDefense
Brady TkachukTim StutzleBrad MarchandBrent BurnsRyan Lindgren
Last Minutes Defensive
Left WingCenterRight WingDefenseDefense
Brady TkachukTim StutzleBrad MarchandBrent BurnsRyan Lindgren
Time
Total ForwardTotal DefenseLast Minutes OffensiveLast Minutes Defensive
60:00 60:00 0:000:05
Extra Forwards
Normal PowerPlayPenalty Kill
Paul Stastny, Nick Cousins, Ryan LombergPaul Stastny, Nick CousinsRyan Lomberg
Extra Defensemen
Normal PowerPlayPenalty Kill
Derek Forbort, Jeremy Lauzon, Anthony DeAngeloDerek Forbort, Jeremy LauzonAnthony DeAngelo
Penalty Shots
Brady Tkachuk, Brad Marchand, Tim Stutzle, Morgan Barron, Jakub Voracek
Goalie
Logan Thompson, Alex Stalock
Custom OT Lines Forwards
Brady Tkachuk, Brad Marchand, Tim Stutzle, Keegan Kolesar, Jakub Voracek, Paul Stastny, , Nick Cousins, Ryan Lomberg, Nils Hoglander
Custom OT Lines Defensemen
Brent Burns, Ryan Lindgren, Anthony DeAngelo, Zach Whitecloud, Derek Forbort
Scratches
Denton Mateychuk (Healthy), Jesse Ylonen (Healthy)


Play-by-Play

1st period


0:01 of 1st period - Adrian Kempe wins face-off versus Tim Stutzle in neutral zone.
0:16 of 1st period - Brandon Carlo is hit by Brad Marchand and loses puck.
0:33 of 1st period - Slapshot by Ryan Lomberg.
0:33 of 1st period - Stopped by Connor Hellebuyck without a rebound.
0:34 of 1st period - Marcus Johansson wins face-off versus Nick Cousins in Blue Jackets zone.
0:39 of 1st period - Anthony DeAngelo is hit by Nikita Zadorov and loses puck.
0:50 of 1st period - Wrist shot by Ryan Lomberg.
0:50 of 1st period - Shot Misses the Net.
0:52 of 1st period - Minor Penalty to Nikita Zadorov for Interference.
0:53 of 1st period - Teddy Blueger wins face-off versus Tim Stutzle in Blue Jackets zone.
2:52 of 1st period - Penalty to Nikita Zadorov is over, Nikita Zadorov is back on ice.
3:07 of 1st period - Wrist shot by Keegan Kolesar.
3:07 of 1st period - Stopped by Connor Hellebuyck without a rebound.
3:08 of 1st period - Ryan Nugent-Hopkins wins face-off versus Morgan Barron in Blue Jackets zone.
3:59 of 1st period - Jeremy Lauzon is hit by Max Domi and loses puck.
4:17 of 1st period - Snap shot by Teddy Blueger.
4:17 of 1st period - Stopped by Logan Thompson with a rebound.
4:34 of 1st period - Ryan Lindgren is hit by Jacob Middleton and loses puck.
4:45 of 1st period - Slapshot by Kevin Labanc.
4:45 of 1st period - Shot Blocked by Ryan Lindgren.
4:47 of 1st period - Slapshot by Shea Theodore.
4:47 of 1st period - Stopped by Logan Thompson without a rebound.
4:48 of 1st period - Paul Stastny wins face-off versus Ryan Nugent-Hopkins in Senators zone.
4:48 of 1st period - Paul Stastny is hit by Ryan Nugent-Hopkins.
4:56 of 1st period - Snap shot by Paul Stastny.
4:56 of 1st period - Stopped by Connor Hellebuyck without a rebound.
4:57 of 1st period - Ryan Nugent-Hopkins wins face-off versus Paul Stastny in Blue Jackets zone.
5:22 of 1st period - Sammy Blais is hit by Nikita Zadorov and loses puck.
5:57 of 1st period - Slapshot by Adrian Kempe.
5:57 of 1st period - Stopped by Logan Thompson with a rebound.
6:08 of 1st period - Icing by Sammy Blais.
6:09 of 1st period - Paul Stastny wins face-off versus Yegor Sharangovich in Senators zone.
6:24 of 1st period - Wrist shot by Teddy Blueger.
6:24 of 1st period - Shot Misses the Net.
6:40 of 1st period - Wrist shot by Brad Marchand.
6:40 of 1st period - Stopped by Connor Hellebuyck without a rebound.
6:41 of 1st period - Max Domi wins face-off versus Tim Stutzle in Blue Jackets zone.
6:50 of 1st period - Wrist shot by Max Domi.
6:50 of 1st period - Shot Misses the Net.
7:06 of 1st period - Teddy Blueger is hit by Brad Marchand and loses puck.
7:31 of 1st period - Slapshot by Brad Marchand.
7:31 of 1st period - Shot Misses the Net.
7:33 of 1st period - Slapshot by Zach Whitecloud.
7:33 of 1st period - Shot Blocked by Brandon Carlo.
7:37 of 1st period - Snap shot by Brad Marchand.
7:37 of 1st period - Stopped by Connor Hellebuyck without a rebound.
7:38 of 1st period - Nick Cousins wins face-off versus Max Domi in Blue Jackets zone.
7:53 of 1st period - Snap shot by Ryan Lomberg.
7:53 of 1st period - Shot Misses the Net.
8:05 of 1st period - Derek Forbort is hit by Kent Johnson and loses puck.
8:23 of 1st period - Off-side.
8:24 of 1st period - Ryan Nugent-Hopkins wins face-off versus Paul Stastny in neutral zone.
9:20 of 1st period - Ryan Lindgren is hit by Jacob Middleton and loses puck.
9:27 of 1st period - Slapshot by Kevin Labanc.
9:27 of 1st period - Shot Blocked by Ryan Lindgren.
9:55 of 1st period - Snap shot by Kent Johnson.
9:55 of 1st period - Stopped by Logan Thompson with a rebound.
9:57 of 1st period - Wrist shot by Kevin Labanc.
9:57 of 1st period - Shot Misses the Net.
9:59 of 1st period - Slapshot by Jacob Middleton.
9:59 of 1st period - Shot Misses the Net.
10:27 of 1st period - Wrist shot by Dominik Kubalik.
10:27 of 1st period - Stopped by Logan Thompson without a rebound.
10:28 of 1st period - Max Domi wins face-off versus Nick Cousins in Senators zone.
10:53 of 1st period - Brandon Carlo is hit by Anthony DeAngelo and loses puck.
11:55 of 1st period - Slapshot by Brad Marchand.
11:55 of 1st period - Shot Misses the Net.
12:29 of 1st period - Lawson Crouse is hit by Keegan Kolesar and loses puck.
13:35 of 1st period - Nils Hoglander is hit by Yegor Sharangovich.
14:02 of 1st period - Dominik Kubalik is hit by Brad Marchand.
14:42 of 1st period - Kevin Labanc is hit by Tim Stutzle and loses puck.
15:05 of 1st period - Zach Whitecloud is hit by Ryan Nugent-Hopkins and loses puck.
16:25 of 1st period - Tim Stutzle is hit by Dominik Kubalik and loses puck.
16:42 of 1st period - Anthony DeAngelo is hit by Adrian Kempe and loses puck.
16:47 of 1st period - Wrist shot by Adrian Kempe.
16:47 of 1st period - Deflect By Reilly Smith.
16:47 of 1st period - Stopped by Logan Thompson without a rebound.
16:48 of 1st period - Max Domi wins face-off versus Nick Cousins in Senators zone.
16:51 of 1st period - Slapshot by Max Domi.
16:51 of 1st period - Stopped by Logan Thompson with a rebound.
16:57 of 1st period - Wrist shot by Marcus Johansson.
16:57 of 1st period - Stopped by Logan Thompson without a rebound.
16:58 of 1st period - Tim Stutzle wins face-off versus Marcus Johansson in Senators zone.
17:11 of 1st period - Slapshot by Brad Marchand.
17:11 of 1st period - Deflect By Brady Tkachuk.
17:11 of 1st period - Stopped by Connor Hellebuyck with a rebound.
17:35 of 1st period - Snap shot by Reilly Smith.
17:35 of 1st period - Shot Blocked by Paul Stastny.
17:37 of 1st period - Backhand shot by Reilly Smith.
17:37 of 1st period - Shot Misses the Net.
17:39 of 1st period - Snap shot by Reilly Smith.
17:39 of 1st period - Shot Blocked by Paul Stastny.
17:48 of 1st period - Minor Penalty to Nikita Zadorov for Hooking.
17:49 of 1st period - Paul Stastny wins face-off versus Kevin Labanc in Blue Jackets zone.
18:25 of 1st period - Matthew Nieto is hit by Tim Stutzle and loses puck.
19:48 of 1st period - Penalty to Nikita Zadorov is over, Nikita Zadorov is back on ice.
Goals for this period are 0 for Blue Jackets vs 0 for Senators.
Shots for this period are 8 for Blue Jackets vs 6 for Senators.

2nd period


0:01 of 2nd period - Ryan Nugent-Hopkins wins face-off versus Keegan Kolesar in neutral zone.
0:06 of 2nd period - Snap shot by Reilly Smith.
0:06 of 2nd period - Shot Blocked by Keegan Kolesar.
0:14 of 2nd period - Slapshot by Anthony DeAngelo.
0:14 of 2nd period - Shot Misses the Net.
0:26 of 2nd period - Brady Tkachuk is hit by Jacob Middleton.
0:34 of 2nd period - Snap shot by Brad Marchand.
0:34 of 2nd period - Stopped by Connor Hellebuyck with a rebound.
0:52 of 2nd period - Max Domi is hit by Morgan Barron and loses puck.
1:01 of 2nd period - Wrist shot by Max Comtois.
1:01 of 2nd period - Shot Blocked by Max Domi.
1:03 of 2nd period - Slapshot by Morgan Barron.
1:03 of 2nd period - Shot Misses the Net.
1:13 of 2nd period - Slapshot by Paul Stastny.
1:13 of 2nd period - Shot Misses the Net.
1:15 of 2nd period - Slapshot by Sammy Blais.
1:15 of 2nd period - Shot Blocked by Lawson Crouse.
1:17 of 2nd period - Wrist shot by Jakub Voracek.
1:17 of 2nd period - Stopped by Connor Hellebuyck with a rebound.
1:19 of 2nd period - Wrist shot by Paul Stastny.
1:19 of 2nd period - Stopped by Connor Hellebuyck without a rebound.
1:20 of 2nd period - Paul Stastny wins face-off versus Ryan Nugent-Hopkins in Blue Jackets zone.
1:26 of 2nd period - Minor Penalty to Adrian Kempe for Hooking.
1:27 of 2nd period - Kevin Labanc wins face-off versus Paul Stastny in Blue Jackets zone.
1:34 of 2nd period - Off-side.
1:35 of 2nd period - Paul Stastny wins face-off versus Teddy Blueger in neutral zone.
1:37 of 2nd period - Off-side.
1:38 of 2nd period - Teddy Blueger wins face-off versus Brady Tkachuk in neutral zone.
1:40 of 2nd period - Off-side.
1:41 of 2nd period - Tim Stutzle wins face-off versus Matthew Nieto in neutral zone.
1:52 of 2nd period - Snap shot by Brad Marchand.
1:52 of 2nd period - Shot Misses the Net.
1:54 of 2nd period - Slapshot by Ryan Lindgren.
1:54 of 2nd period - Shot Blocked by Trevor van Riemsdyk.
1:56 of 2nd period - Slapshot by Ryan Lindgren.
1:56 of 2nd period - Stopped by Connor Hellebuyck without a rebound.
1:57 of 2nd period - Paul Stastny wins face-off versus Teddy Blueger in Blue Jackets zone.
2:00 of 2nd period - Wrist shot by Paul Stastny.
2:00 of 2nd period - Stopped by Connor Hellebuyck with a rebound.
2:38 of 2nd period - Kevin Labanc is hit by Zach Whitecloud and loses puck.
3:23 of 2nd period - Brent Burns is hit by Nikita Zadorov and loses puck.
3:26 of 2nd period - Penalty to Adrian Kempe is over, Adrian Kempe is back on ice.
3:30 of 2nd period - Slapshot by Adrian Kempe.
3:30 of 2nd period - Shot Misses the Net.
3:32 of 2nd period - Slapshot by Matthew Nieto.
3:32 of 2nd period - Stopped by Logan Thompson with a rebound.
3:34 of 2nd period - Slapshot by Nikita Zadorov.
3:34 of 2nd period - Stopped by Logan Thompson without a rebound.
3:35 of 2nd period - Ryan Nugent-Hopkins wins face-off versus Nick Cousins in Senators zone.
4:03 of 2nd period - Minor Penalty to Adrian Kempe for Charging.
4:04 of 2nd period - Paul Stastny wins face-off versus Teddy Blueger in Blue Jackets zone.
4:10 of 2nd period - Slapshot by Brent Burns.
4:10 of 2nd period - Shot Misses the Net.
4:12 of 2nd period - Slapshot by Anthony DeAngelo.
4:12 of 2nd period - Shot Blocked by Nikita Zadorov.
4:30 of 2nd period - Brady Tkachuk is hit by Matthew Nieto and loses puck.
4:37 of 2nd period - Wrist shot by Kevin Labanc.
4:37 of 2nd period - Goal by Kevin Labanc - Blue Jackets : 1 - Senators : 0.
4:38 of 2nd period - Tim Stutzle wins face-off versus Kevin Labanc in neutral zone.
4:43 of 2nd period - Wrist shot by Brad Marchand.
4:43 of 2nd period - Stopped by Connor Hellebuyck with a rebound.
4:45 of 2nd period - Slapshot by Zach Whitecloud.
4:45 of 2nd period - Deflect By Brady Tkachuk.
4:45 of 2nd period - Goal by Brady Tkachuk - Blue Jackets : 1 - Senators : 1.
4:46 of 2nd period - Nick Cousins wins face-off versus Marcus Johansson in neutral zone.
5:11 of 2nd period - Tim Stutzle is hit by Reilly Smith and loses puck.
5:18 of 2nd period - Wrist shot by Ryan Nugent-Hopkins.
5:18 of 2nd period - Deflect By Reilly Smith.
5:18 of 2nd period - Stopped by Logan Thompson with a rebound.
5:40 of 2nd period - Slapshot by Yegor Sharangovich.
5:40 of 2nd period - Shot Blocked by Ryan Lindgren.
5:54 of 2nd period - Jacob Middleton is hit by Max Comtois and loses puck.
6:06 of 2nd period - Icing by Nikita Zadorov.
6:07 of 2nd period - Nick Cousins wins face-off versus Kent Johnson in Blue Jackets zone.
6:08 of 2nd period - Snap shot by Keegan Kolesar.
6:08 of 2nd period - Stopped by Connor Hellebuyck with a rebound.
6:22 of 2nd period - Wrist shot by Ryan Lomberg.
6:22 of 2nd period - Shot Misses the Net.
6:32 of 2nd period - Ryan Nugent-Hopkins is hit by Brad Marchand and loses puck.
6:37 of 2nd period - Snap shot by Brad Marchand.
6:37 of 2nd period - Shot Misses the Net.
6:39 of 2nd period - Slapshot by Anthony DeAngelo.
6:39 of 2nd period - Stopped by Connor Hellebuyck without a rebound.
6:40 of 2nd period - Max Domi wins face-off versus Tim Stutzle in Blue Jackets zone.
6:40 of 2nd period - Max Domi is hit by Tim Stutzle.
6:46 of 2nd period - Snap shot by Brad Marchand.
6:46 of 2nd period - Shot Misses the Net.
7:47 of 2nd period - Ryan Lindgren is hit by Kevin Labanc and loses puck.
7:56 of 2nd period - Snap shot by Dominik Kubalik.
7:56 of 2nd period - Stopped by Logan Thompson with a rebound.
7:58 of 2nd period - Minor Penalty to Brent Burns for Hooking.
7:59 of 2nd period - Adrian Kempe wins face-off versus Nick Cousins in Senators zone.
8:24 of 2nd period - Lawson Crouse is hit by Nick Cousins.
9:24 of 2nd period - Ryan Lomberg is hit by Lawson Crouse.
9:53 of 2nd period - Paul Stastny is hit by Max Domi and loses puck.
9:58 of 2nd period - Penalty to Brent Burns is over, Brent Burns is back on ice.
10:08 of 2nd period - Snap shot by Tim Stutzle.
10:08 of 2nd period - Stopped by Connor Hellebuyck with a rebound.
10:31 of 2nd period - Slapshot by Kevin Labanc.
10:31 of 2nd period - Shot Blocked by Ryan Lindgren.
10:33 of 2nd period - Wrist shot by Kevin Labanc.
10:33 of 2nd period - Deflect By Kent Johnson.
10:33 of 2nd period - Stopped by Logan Thompson without a rebound.
10:33 of 2nd period - Minor Penalty to Logan Thompson for Slashing.
10:34 of 2nd period - Nick Cousins wins face-off versus Adrian Kempe in Senators zone.
10:39 of 2nd period - Wrist shot by Adrian Kempe.
10:39 of 2nd period - Stopped by Logan Thompson without a rebound.
10:40 of 2nd period - Nick Cousins wins face-off versus Ryan Nugent-Hopkins in Senators zone.
10:53 of 2nd period - Keegan Kolesar is hit by Kent Johnson and loses puck.
12:33 of 2nd period - Penalty to Brent Burns is over, Brent Burns is back on ice.
12:40 of 2nd period - Derek Forbort is hit by Nikita Zadorov and loses puck.
12:51 of 2nd period - Derek Forbort is hit by Kevin Labanc and loses puck.
13:02 of 2nd period - Teddy Blueger is hit by Tim Stutzle and loses puck.
15:10 of 2nd period - Snap shot by Yegor Sharangovich.
15:10 of 2nd period - Shot Blocked by Max Comtois.
15:12 of 2nd period - Slapshot by Brandon Carlo.
15:12 of 2nd period - Stopped by Logan Thompson without a rebound.
15:13 of 2nd period - Kent Johnson wins face-off versus Morgan Barron in Senators zone.
15:22 of 2nd period - Backhand shot by Shea Theodore.
15:22 of 2nd period - Shot Misses the Net.
15:36 of 2nd period - Tim Stutzle is hit by Max Domi and loses puck.
16:01 of 2nd period - Slapshot by Nick Cousins.
16:01 of 2nd period - Shot Misses the Net.
16:03 of 2nd period - Slapshot by Ryan Lindgren.
16:03 of 2nd period - Shot Blocked by Reilly Smith.
16:05 of 2nd period - Backhand shot by Ryan Lindgren.
16:05 of 2nd period - Shot Blocked by Adrian Kempe.
16:07 of 2nd period - Wrist shot by Ryan Lomberg.
16:07 of 2nd period - Stopped by Connor Hellebuyck without a rebound.
16:08 of 2nd period - Paul Stastny wins face-off versus Max Domi in Blue Jackets zone.
16:19 of 2nd period - Paul Stastny is hit by Jacob Middleton and loses puck.
16:24 of 2nd period - Wrist shot by Marcus Johansson.
16:24 of 2nd period - Stopped by Logan Thompson with a rebound.
16:38 of 2nd period - Slapshot by Yegor Sharangovich.
16:38 of 2nd period - Stopped by Logan Thompson with a rebound.
16:40 of 2nd period - Slapshot by Shea Theodore.
16:40 of 2nd period - Shot Blocked by Ryan Lindgren.
16:42 of 2nd period - Snap shot by Shea Theodore.
16:42 of 2nd period - Stopped by Logan Thompson with a rebound.
16:44 of 2nd period - Slapshot by Matthew Nieto.
16:44 of 2nd period - Stopped by Logan Thompson with a rebound.
16:46 of 2nd period - Snap shot by Matthew Nieto.
16:46 of 2nd period - Stopped by Logan Thompson with a rebound.
16:56 of 2nd period - Nick Cousins is hit by Ryan Nugent-Hopkins and loses puck.
17:03 of 2nd period - Slapshot by Brent Burns.
17:03 of 2nd period - Shot Blocked by Brandon Carlo.
17:36 of 2nd period - Minor Penalty to Brad Marchand for Hooking.
17:37 of 2nd period - Morgan Barron wins face-off versus Ryan Nugent-Hopkins in Senators zone.
17:49 of 2nd period - Backhand shot by Shea Theodore.
17:49 of 2nd period - Stopped by Logan Thompson without a rebound.
17:50 of 2nd period - Ryan Nugent-Hopkins wins face-off versus Morgan Barron in Senators zone.
17:53 of 2nd period - Slapshot by Ryan Nugent-Hopkins.
17:53 of 2nd period - Deflect By Adrian Kempe.
17:53 of 2nd period - Stopped by Logan Thompson with a rebound.
17:55 of 2nd period - Slapshot by Kent Johnson.
17:55 of 2nd period - Shot Misses the Net.
17:57 of 2nd period - Slapshot by Adrian Kempe.
17:57 of 2nd period - Shot Blocked by Morgan Barron.
18:05 of 2nd period - Backhand shot by Ryan Nugent-Hopkins.
18:05 of 2nd period - Shot Blocked by Ryan Lindgren.
18:11 of 2nd period - Minor Penalty to Ryan Lomberg for Holding.
18:12 of 2nd period - Brady Tkachuk wins face-off versus Ryan Nugent-Hopkins in Senators zone.
18:27 of 2nd period - Slapshot by Adrian Kempe.
18:27 of 2nd period - Shot Blocked by Ryan Lindgren.
19:16 of 2nd period - Icing by Ryan Nugent-Hopkins.
19:17 of 2nd period - Max Domi wins face-off versus Nick Cousins in Blue Jackets zone.
19:24 of 2nd period - Slapshot by Nick Cousins.
19:24 of 2nd period - Stopped by Connor Hellebuyck without a rebound.
19:25 of 2nd period - Brady Tkachuk wins face-off versus Ryan Nugent-Hopkins in Blue Jackets zone.
19:36 of 2nd period - Penalty to Brad Marchand is over, Brad Marchand is back on ice.
Goals for this period are 1 for Blue Jackets vs 1 for Senators.
Shots for this period are 15 for Blue Jackets vs 12 for Senators.

3rd period


0:01 of 3rd period - Ryan Nugent-Hopkins wins face-off versus Nick Cousins in neutral zone.
0:04 of 3rd period - Slapshot by Shea Theodore.
0:04 of 3rd period - Deflect By Ryan Nugent-Hopkins.
0:04 of 3rd period - Shot Blocked by Keegan Kolesar.
0:04 of 3rd period - Puck is out of play.
0:05 of 3rd period - Ryan Nugent-Hopkins wins face-off versus Nick Cousins in Senators zone.
0:06 of 3rd period - Slapshot by Adrian Kempe.
0:06 of 3rd period - Goal by Adrian Kempe - Blue Jackets : 2 - Senators : 1.
0:07 of 3rd period - Max Domi wins face-off versus Nick Cousins in neutral zone.
0:32 of 3rd period - Snap shot by Matthew Nieto.
0:32 of 3rd period - Stopped by Logan Thompson without a rebound.
0:33 of 3rd period - Brady Tkachuk wins face-off versus Teddy Blueger in Senators zone.
0:48 of 3rd period - Slapshot by Matthew Nieto.
0:48 of 3rd period - Stopped by Logan Thompson without a rebound.
0:49 of 3rd period - Ryan Nugent-Hopkins wins face-off versus Nick Cousins in Senators zone.
0:54 of 3rd period - Slapshot by Reilly Smith.
0:54 of 3rd period - Stopped by Logan Thompson without a rebound.
0:55 of 3rd period - Reilly Smith wins face-off versus Nick Cousins in Senators zone.
0:57 of 3rd period - Ryan Lomberg beats up Adrian Kempe.
0:57 of 3rd period - Penalty to Ryan Lomberg for Fighting.
0:57 of 3rd period - Penalty to Adrian Kempe for Fighting.
0:58 of 3rd period - Nick Cousins wins face-off versus Max Domi in Senators zone.
1:04 of 3rd period - Brent Burns and Lawson Crouse fight to a draw.
1:04 of 3rd period - Penalty to Brent Burns for Fighting.
1:04 of 3rd period - Penalty to Lawson Crouse for Fighting.
1:05 of 3rd period - Ryan Nugent-Hopkins wins face-off versus Nick Cousins in Blue Jackets zone.
1:10 of 3rd period - Slapshot by Brandon Carlo.
1:10 of 3rd period - Shot Misses the Net.
1:30 of 3rd period - Derek Forbort is hit by Marcus Johansson and loses puck.
1:39 of 3rd period - Slapshot by Anthony DeAngelo.
1:39 of 3rd period - Deflect By Shea Theodore.
1:39 of 3rd period - Stopped by Connor Hellebuyck with a rebound.
1:41 of 3rd period - Backhand shot by Anthony DeAngelo.
1:41 of 3rd period - Stopped by Connor Hellebuyck without a rebound.
1:42 of 3rd period - Ryan Nugent-Hopkins wins face-off versus Brady Tkachuk in Blue Jackets zone.
1:54 of 3rd period - Off-side.
1:55 of 3rd period - Max Domi wins face-off versus Tim Stutzle in neutral zone.
2:00 of 3rd period - Derek Forbort is hit by Marcus Johansson and loses puck.
2:07 of 3rd period - Snap shot by Max Domi.
2:07 of 3rd period - Shot Blocked by Brad Marchand.
2:09 of 3rd period - Snap shot by Marcus Johansson.
2:09 of 3rd period - Stopped by Logan Thompson without a rebound.
2:10 of 3rd period - Nick Cousins wins face-off versus Ryan Nugent-Hopkins in Senators zone.
2:10 of 3rd period - Nick Cousins is hit by Ryan Nugent-Hopkins.
3:19 of 3rd period - Icing by Derek Forbort.
3:20 of 3rd period - Kent Johnson wins face-off versus Paul Stastny in Senators zone.
4:08 of 3rd period - Off-side.
4:09 of 3rd period - Nick Cousins wins face-off versus Ryan Nugent-Hopkins in neutral zone.
4:09 of 3rd period - Nick Cousins is hit by Ryan Nugent-Hopkins.
4:47 of 3rd period - Shea Theodore is hit by Anthony DeAngelo and loses puck.
6:24 of 3rd period - Teddy Blueger is hit by Max Comtois and loses puck.
6:33 of 3rd period - Slapshot by Brent Burns.
6:33 of 3rd period - Shot Blocked by JJ Moser.
6:35 of 3rd period - Slapshot by Brent Burns.
6:35 of 3rd period - Stopped by Connor Hellebuyck with a rebound.
6:37 of 3rd period - Slapshot by Ryan Lindgren.
6:37 of 3rd period - Shot Misses the Net.
6:39 of 3rd period - Slapshot by Brent Burns.
6:39 of 3rd period - Shot Hit the Post.
6:43 of 3rd period - Wrist shot by Nils Hoglander.
6:43 of 3rd period - Shot Misses the Net.
6:45 of 3rd period - Backhand shot by Brent Burns.
6:45 of 3rd period - Stopped by Connor Hellebuyck without a rebound.
6:46 of 3rd period - Paul Stastny wins face-off versus Ryan Nugent-Hopkins in Blue Jackets zone.
7:12 of 3rd period - Max Domi is hit by Ryan Lomberg and loses puck.
7:17 of 3rd period - Slapshot by Brent Burns.
7:17 of 3rd period - Deflect By Shea Theodore.
7:17 of 3rd period - Stopped by Connor Hellebuyck with a rebound.
7:19 of 3rd period - Snap shot by Nick Cousins.
7:19 of 3rd period - Goal by Nick Cousins - Blue Jackets : 2 - Senators : 2.
7:20 of 3rd period - Max Domi wins face-off versus Nick Cousins in neutral zone.
7:27 of 3rd period - Snap shot by Marcus Johansson.
7:27 of 3rd period - Deflect By Lawson Crouse.
7:27 of 3rd period - Stopped by Logan Thompson without a rebound.
7:28 of 3rd period - Ryan Lomberg wins face-off versus Max Domi in Senators zone.
7:33 of 3rd period - Slapshot by Derek Forbort.
7:33 of 3rd period - Shot Blocked by Marcus Johansson.
7:35 of 3rd period - Snap shot by Ryan Lomberg.
7:35 of 3rd period - Stopped by Connor Hellebuyck without a rebound.
7:36 of 3rd period - Ryan Nugent-Hopkins wins face-off versus Jakub Voracek in Blue Jackets zone.
7:51 of 3rd period - Snap shot by Ryan Nugent-Hopkins.
7:51 of 3rd period - Shot Misses the Net.
8:26 of 3rd period - Lawson Crouse is hit by Ryan Lomberg.
8:48 of 3rd period - Snap shot by Dominik Kubalik.
8:48 of 3rd period - Stopped by Logan Thompson with a rebound.
9:12 of 3rd period - Snap shot by Dominik Kubalik.
9:12 of 3rd period - Goal by Dominik Kubalik - Blue Jackets : 3 - Senators : 2.
9:13 of 3rd period - Nick Cousins wins face-off versus Ryan Nugent-Hopkins in neutral zone.
9:22 of 3rd period - Snap shot by Ryan Lindgren.
9:22 of 3rd period - Deflect By Ryan Nugent-Hopkins.
9:22 of 3rd period - Stopped by Connor Hellebuyck without a rebound.
9:23 of 3rd period - Ryan Nugent-Hopkins wins face-off versus Nick Cousins in Blue Jackets zone.
9:23 of 3rd period - Ryan Nugent-Hopkins is hit by Keegan Kolesar.
10:07 of 3rd period - Brent Burns is hit by Ryan Nugent-Hopkins and loses puck.
10:54 of 3rd period - Slapshot by Trevor van Riemsdyk.
10:54 of 3rd period - Stopped by Logan Thompson with a rebound.
11:05 of 3rd period - Minor Penalty to Adrian Kempe for Slashing.
11:06 of 3rd period - Paul Stastny wins face-off versus Yegor Sharangovich in Blue Jackets zone.
11:08 of 3rd period - Snap shot by Paul Stastny.
11:08 of 3rd period - Goal by Paul Stastny - Blue Jackets : 3 - Senators : 3.
11:09 of 3rd period - Paul Stastny wins face-off versus Max Domi in neutral zone.
11:12 of 3rd period - Lawson Crouse is hit by Sammy Blais and loses puck.
11:35 of 3rd period - Brad Marchand is hit by Teddy Blueger and loses puck.
11:42 of 3rd period - Wrist shot by Yegor Sharangovich.
11:42 of 3rd period - Stopped by Logan Thompson without a rebound.
11:43 of 3rd period - Max Domi wins face-off versus Tim Stutzle in Senators zone.
12:40 of 3rd period - Icing by Reilly Smith.
12:41 of 3rd period - Ryan Nugent-Hopkins wins face-off versus Nick Cousins in Blue Jackets zone.
13:00 of 3rd period - Snap shot by Ryan Nugent-Hopkins.
13:00 of 3rd period - Stopped by Logan Thompson without a rebound.
13:01 of 3rd period - Paul Stastny wins face-off versus Max Domi in Senators zone.
13:01 of 3rd period - Paul Stastny is hit by Max Domi.
13:26 of 3rd period - Brad Marchand is hit by Reilly Smith and loses puck.
13:55 of 3rd period - Matthew Nieto is hit by Nick Cousins and loses puck.
14:22 of 3rd period - Wrist shot by Dominik Kubalik.
14:22 of 3rd period - Shot Misses the Net.
14:54 of 3rd period - Icing by Tim Stutzle.
14:55 of 3rd period - Ryan Nugent-Hopkins wins face-off versus Tim Stutzle in Senators zone.
15:27 of 3rd period - Wrist shot by Ryan Nugent-Hopkins.
15:27 of 3rd period - Shot Misses the Net.
15:35 of 3rd period - Slapshot by Tim Stutzle.
15:35 of 3rd period - Shot Misses the Net.
15:37 of 3rd period - Snap shot by Tim Stutzle.
15:37 of 3rd period - Shot Misses the Net.
15:39 of 3rd period - Wrist shot by Brady Tkachuk.
15:39 of 3rd period - Goal by Brady Tkachuk - Blue Jackets : 3 - Senators : 4.
15:40 of 3rd period - Yegor Sharangovich wins face-off versus Nick Cousins in neutral zone.
15:42 of 3rd period - Nikita Zadorov is hit by Ryan Lomberg and loses puck.
16:01 of 3rd period - Teddy Blueger is hit by Anthony DeAngelo and loses puck.
16:16 of 3rd period - Wrist shot by Dominik Kubalik.
16:16 of 3rd period - Stopped by Logan Thompson without a rebound.
16:17 of 3rd period - Tim Stutzle wins face-off versus Kent Johnson in Senators zone.
17:39 of 3rd period - Off-side.
17:40 of 3rd period - Kevin Labanc wins face-off versus Tim Stutzle in neutral zone.
17:40 of 3rd period - Kevin Labanc is hit by Brady Tkachuk.
17:46 of 3rd period - Slapshot by Dominik Kubalik.
17:46 of 3rd period - Shot Misses the Net.
18:06 of 3rd period - Keegan Kolesar is hit by Yegor Sharangovich and loses puck.
18:19 of 3rd period - Wrist shot by Teddy Blueger.
18:19 of 3rd period - Shot Misses the Net.
18:28 of 3rd period - Off-side.
18:29 of 3rd period - Tim Stutzle wins face-off versus Max Domi in neutral zone.
18:34 of 3rd period - Wrist shot by Brad Marchand.
18:34 of 3rd period - Stopped by Connor Hellebuyck without a rebound.
18:35 of 3rd period - Tim Stutzle wins face-off versus Max Domi in Blue Jackets zone.
18:42 of 3rd period - Snap shot by Brad Marchand.
18:42 of 3rd period - Stopped by Connor Hellebuyck without a rebound.
18:43 of 3rd period - Nick Cousins wins face-off versus Teddy Blueger in Blue Jackets zone.
18:56 of 3rd period - Teddy Blueger is hit by Anthony DeAngelo and loses puck.
19:10 of 3rd period - Minor Penalty to Jacob Middleton for Hooking.
19:11 of 3rd period - Teddy Blueger wins face-off versus Paul Stastny in Blue Jackets zone.
19:22 of 3rd period - Slapshot by Jakub Voracek.
19:22 of 3rd period - Stopped by Connor Hellebuyck with a rebound.
19:24 of 3rd period - Slapshot by Zach Whitecloud.
19:24 of 3rd period - Stopped by Connor Hellebuyck without a rebound.
19:25 of 3rd period - call a timeout for Blue Jackets.
19:25 of 3rd period - Tim Stutzle wins face-off versus Teddy Blueger in Blue Jackets zone.
19:26 of 3rd period - Slapshot by Brady Tkachuk.
19:26 of 3rd period - Shot Blocked by Yegor Sharangovich.
19:28 of 3rd period - Slapshot by Zach Whitecloud.
19:28 of 3rd period - Shot Misses the Net.
19:30 of 3rd period - Wrist shot by Brad Marchand.
19:30 of 3rd period - Stopped by Connor Hellebuyck with a rebound.
19:52 of 3rd period - Sammy Blais is hit by Kevin Labanc and loses puck.
Goals for this period are 2 for Blue Jackets vs 3 for Senators.
Shots for this period are 12 for Blue Jackets vs 15 for Senators.